 Dungeon Crawl Stone Soup version 0.28-a0-461-g2dc4ca5097 (webtiles) character file.

Game seed: 5461230956120812742

26163 robertstho the Thaumaturge (level 13, -10/90 HPs)
             Began as a Djinni Fire Elementalist on Sept 13, 2021.
             Was an Initiate of Gozag.
             Mangled by a spriggan rider (22 damage)
             ... on level 2 of the Lair of Beasts.
             The game lasted 00:31:07 (20444 turns).

robertstho the Thaumaturge (DjFE)                  Turns: 20444, Time: 00:31:08

Health: -10/90     AC: 13    Str: 13    XL:     13   Next: 56%
Gold:   1103       EV: 10    Int: 22    God:    Gozag SH:  0 Dex: 14

rFire   + + +      SeeInvis +   E - +8 great sword of Diokyr {flame, Str+2 SInv}
rCold   x . .      Faith    .   (shield currently unavailable)
rNeg    . . .      Spirit   .   H - +2 scale mail "Biruw" {Str+4 Stlth+}
rPois   ∞          Reflect  .   G - +2 hat
rElec   .          Harm     .   k - +0 cloak
rCorr   +          Rampage  .   A - +0 pair of gloves
Will    +....                   (boots unavailable)
Stlth   ++........              g - amulet of regeneration
HPRegen 1.25/turn               h - ring of protection from fire
MPRegen 0.00/turn               w - ring of resist corrosion

@: gold aura, flying
A: sickness immunity, fire resistance 2, cold vulnerability 1, float, innate
caster, hp casting, extra vitality 1
a: Renounce Religion, Potion Petition, Call Merchant, Bribe Branch


You were on level 2 of the Lair of Beasts.
You worshipped Gozag.
Gozag was most pleased with you.
You visited 4 branches of the dungeon, and saw 17 of its levels.

You collected 2893 gold pieces.
You spent 974 gold pieces at shops.
You paid 816 gold pieces to Gozag.

Inventory:

Hand Weapons
 E - the +8 great sword of Diokyr (weapon) {flame, Str+2 SInv}
   (You found it on level 9 of the Dungeon)

   It burns those it strikes, dealing additional fire damage.
   Big, fiery blades are also staple armaments of hydra-hunters.
   Str:       It affects your strength (+2).
   SInv:      It lets you see invisible.
Armour
 f - the +2 robe of Resourcefulness {MP+9 Str+4 Dex+3}
   (You bought it in a shop on level 7 of the Dungeon)

   Str:       It affects your strength (+4).
   Dex:       It affects your dexterity (+3).
   MP:        It affects your magic capacity (+9).
 k - a +0 cloak (worn)
 A - a +0 pair of gloves (worn)
 G - a +2 hat (worn)
 H - the +2 scale mail "Biruw" (worn) {Str+4 Stlth+}
   (You bought it in a shop on level 7 of the Dungeon)

   Str:       It affects your strength (+4).
   Stlth:     It makes you more stealthy.
Jewellery
 b - a ring of protection from cold
 g - an amulet of regeneration (around neck)
 h - a ring of protection from fire (left hand)
 l - a ring of ice
 w - a ring of resist corrosion (right hand)
Wands
 d - a wand of polymorph (10)
 u - a wand of paralysis (4)
 y - a wand of iceblast (20)
 C - a wand of mindburst (1)
 D - a wand of digging (9)
Scrolls
 a - a scroll of fear {unknown}
 e - a scroll of enchant weapon
 m - 3 scrolls of fog
 q - a scroll of identify
 s - a scroll of brand weapon
 v - 2 scrolls of teleportation
 J - a scroll of blinking
 K - a scroll of enchant armour
 M - a scroll of immolation
Potions
 c - 3 potions of invisibility {unknown}
 i - 5 potions of brilliance {unknown}
 j - 3 potions of curing
 n - 3 potions of might {unknown}
 o - 3 potions of lignification {unknown}
 p - a potion of degeneration {unknown}
 r - 6 potions of flight {unknown}
 t - 2 potions of mutation {unknown}
 z - a potion of resistance {unknown}
 F - 2 potions of attraction {unknown}


   Skills:
 * Level 7.5 Fighting
 + Level 1.7 Long Blades
 + Level 0.4 Staves
 + Level 3.9 Armour
 + Level 3.8 Dodging
 + Level 3.6 Stealth
 * Level 14.7 Spellcasting


You had 11 spell levels left.
You knew the following spells:

 Your Spells              Type           Power      Damage    Failure   Level
a - Foxfire               Conj/Fire      100%       2x1d9     1%          1
b - Scorch                Fire           100%       2d10      1%          2
c - Conjure Flame         Conj/Fire      69%        6-21      1%          3
d - Inner Flame           Hex/Fire       69%        N/A       1%          3
e - Flame Wave            Conj/Fire      69%        3d12      1%          4
f - Sting                 Tmut/Pois      100%       1d8       1%          1
g - Searing Ray           Conj           100%       2d8       1%          2
h - Static Discharge      Conj/Air       69%        N/A       1%          2
i - Ignite Poison         Fire/Tmut/Pois 69%        N/A       1%          3
j - Summon Lightning Spi  Summ/Air       69%        N/A       1%          4
k - Freezing Cloud        Conj/Ice/Air   34%        6-21      1%          5
Your spell library was empty.

Dungeon Overview and Level Annotations

Branches:
Dungeon (12/15)            Temple (1/1) D:7            Lair (2/6) D:11
    Orc (2/2) D:9             Elf (0/3) Orc:2
  Swamp: Lair:2-4    Shoals: Lair:2-4     Snake: Lair:2-4    Spider: Lair:2-4

Altars:
Ashenzari
Cheibriados
Dithmenos
Gozag
Kikubaaqudgha
Makhleb
Okawaru
Qazlal
Ru
Sif Muna
Trog
Uskayaw
Vehumet
Yredelemnul
Zin
Jiyva
Lugonu

Shops:
D:7 [   Lair:1 ?

Portals:
Abyss: D:10

Annotations:
D:12 3 runed translucent doors, Atlas's ghost, journeyman DgIE


Innate Abilities, Weirdness & Mutations

You are immune to sickness and miasma.
You are immune to poison.
Your flesh is very heat resistant. (rF++)
You are vulnerable to cold. (rC-)
You float through the air rather than walking.
You learn spells naturally, not from books.
Your magical power is your life essence.
You have superior vitality. (+4 HP)


Message History

The polar bear barely misses you.
ClownBaby's ghost is engulfed in freezing vapours.
ClownBaby's ghost hits you but does no damage.
Your lightning spire shoots out a bolt of lightning at ClownBaby's ghost!
The bolt of electricity hits ClownBaby's ghost.
ClownBaby's ghost is destroyed!
Unknown command.
Your lightning spire shoots out a bolt of lightning at the polar bear!
The bolt of electricity hits the polar bear!
You feel better.
The spriggan rider hits you from afar with the +9 trident of Zoarch {protect, Will+ Dex+2 SInv}!!
* * * LOW HITPOINT WARNING * * *
Your lightning spire shoots out a bolt of lightning at the polar bear!
The bolt of electricity hits the polar bear!
The polar bear bites your lightning spire!
The polar bear claws your lightning spire but does no damage. x2
Blink to where?
Press: ? - help, Dir - move target
As you read the scroll of blinking, it crumbles to dust.
Your lightning spire shoots out a bolt of lightning at the polar bear!
The bolt of electricity misses the polar bear.
The polar bear goes berserk!
Unknown command.
You feel better.
The polar bear bites your lightning spire but does no damage.
The polar bear claws your lightning spire but does no damage. x2
Your lightning spire shoots out a bolt of lightning at the polar bear!
The bolt of electricity hits the polar bear!
The polar bear dies!
Casting: Summon Lightning Spire (safe; 1% risk of failure)
Confirm with . or Enter, or press ? or * to list all spells.
Aiming: Freezing Cloud (dangerous; 1% risk of failure)
Press: ? - help, Dir - move target That beam is likely to hit you.
Continue anyway?
* * * LOW HITPOINT WARNING * * *
Unknown command.
The spriggan rider is engulfed in freezing vapours. x2
The spriggan rider hits you from afar with the +9 trident of Zoarch {protect, Will+ Dex+2 SInv}!!
You die...
Your body crumbles into a pile of gold.

..#.........................##...
...........................#.#...
..........................(###.##
...<.......................# ###.
...........................####..
#..#...............<.............
..#.P...........####.#####.##....
.......#P.......#.#### ######..
................@.#### #..
.................§i§.######## ##.
.................§§§........####.
.................§§§.........#..#
................§.♣♣♣♣.8$........
...............♣♣♣♣i.♣...........
..............♣♣...♣♣#.$.........
..............♣.i.♣.#⌠$..........
..............♣♣.♣..#............


You could see a spriggan rider (ally target) and a friendly lightning spire
(summoned).

Vanquished Creatures
  A hydra (Lair:2)
  A two-headed ogre (D:11)
  Pikel (D:7)
  A manticore (D:12)
  Joseph (D:8)
  A black mamba (Lair:1)
  2 cane toads (Lair:1)
  An unseen horror (D:9)
  A gargoyle (D:10)
  A rime drake (Lair:1)
  A komodo dragon (Lair:1)
  2 trolls
  2 blink frogs (Lair:1)
  4 slime creatures (D:12)
  A wraith (D:9)
  A shadow (D:8)
  12 yaks
  Grum (D:8)
  A steam dragon (D:9)
  A warg (Orc:2)
  2 acid dragons
  4 water moccasins
  10 orc warriors
  A sky beast (D:7)
  2 black bears
  7 wolves
  2 centaurs
  5 ogres
  2 lemures (D:8)
  2 kobold brigands
  A phantom (D:5)
  Blork the orc (D:4)
  7 bullfrogs
  3 scorpions
  A water moccasin skeleton (D:6)
  8 wights
  2 electric eels (Lair:1)
  A howler monkey (D:7)
  3 centaur zombies
  A bullfrog zombie (D:5)
  3 hounds
  14 orc priests
  2 jellies
  A centaur skeleton (D:7)
  Jessica (D:3)
  Natasha (thrice) (D:3)
  2 iguanas
  Crazy Yiuf (D:3)
  19 orc wizards
  2 killer bee zombies
  6 adders
  A howler monkey skeleton (D:7)
  A shadow imp (D:3)
  A white imp (D:7)
  2 worms (D:2)
  4 dart slugs
  44 orcs
  8 ball pythons
  5 bats
  4 endoplasms
  2 giant cockroaches (D:1)
  7 goblins
  15 hobgoblins
  21 kobolds
  6 quokkas
  4 frilled lizards
  3 rats
284 creatures vanquished.

Vanquished Creatures (collateral kills)
  The ghost of ClownBaby the Fighter, a journeyman DjIE of Dithmenos (Lair:2)
  2 two-headed ogres
  The ghost of AlleluiaPinecone the Spear-Bearer, a novice DrBe of Trog (D:9)
  Sonja (Lair:2)
  A lindwurm (Lair:1)
  An orc knight (Orc:2)
  An orc sorcerer (Orc:2)
  A cyclops (D:12)
  A centaur zombie (D:10)
  A black mamba (Lair:2)
  A rime drake (Lair:1)
  A cane toad (Lair:2)
  2 komodo dragons
  A polar bear (Lair:2)
  A slime creature (D:12)
  2 blink frogs (Lair:1)
  2 spriggans
  2 yaks (Lair:2)
  A basilisk (Lair:2)
  5 wraiths (D:9)
  2 water moccasins (Lair:1)
  A black bear (Lair:2)
  6 orc warriors
  A centaur (D:11)
  9 wolves
  2 bullfrogs (Lair:2)
  2 wights (D:9)
  11 orc priests
  6 orc wizards
  11 orcs
  3 foxfires
  2 lurking horrors (D:10)
85 creatures vanquished.

Vanquished Creatures (others)
  A bush (Lair:1)
  944 foxfires
  5 fungi
  17 plants
967 creatures vanquished.

Grand Total: 1336 creatures vanquished

Notes
Turn   | Place    | Note
-------+----------+-------------------------------------------
     0 | D:1      | robertstho the Djinni Fire Elementalist began the quest for
                  | the Orb.
     0 | D:1      | Reached XP level 1. HP: 15/15 MP: 0/0
   125 | D:1      | Found a faded altar of an unknown god.
   156 | D:1      | Reached XP level 2. HP: 6/21 MP: 0/0
   678 | D:1      | Reached skill level 3 in Spellcasting
   851 | D:1      | Reached XP level 3. HP: 22/25 MP: 0/0
   851 | D:1      | Learned a level 1 spell: Sting
  2079 | D:2      | Reached XP level 4. HP: 21/31 MP: 0/0
  3081 | D:3      | Noticed Natasha
  3220 | D:3      | Noticed Jessica
  3221 | D:3      | Killed Jessica
  3222 | D:3      | Reached XP level 5. HP: 34/36 MP: 0/0
  3222 | D:3      | Learned a level 2 spell: Searing Ray
  3313 | D:3      | Reached skill level 4 in Spellcasting
  3573 | D:3      | Reached skill level 1 in Fighting
  4057 | D:3      | Found a hide-covered altar of Uskayaw.
  4297 | D:3      | Found a runed translucent door.
  4298 | D:3      | Noticed Crazy Yiuf
  4332 | D:3      | Killed Natasha
  4439 | D:3      | Noticed Natasha
  4446 | D:3      | Killed Natasha
  4588 | D:3      | Reached XP level 6. HP: 38/42 MP: 0/0
  4726 | D:3      | Noticed Natasha
  4730 | D:3      | Killed Natasha
  4834 | D:3      | Killed Crazy Yiuf
  5620 | D:4      | Noticed Blork the orc
  5626 | D:4      | Killed Blork the orc
  5627 | D:4      | Reached skill level 5 in Spellcasting
  5748 | D:4      | Reached XP level 7. HP: 39/48 MP: 0/0
  5748 | D:4      | Learned a level 2 spell: Static Discharge
  5885 | D:4      | Identified the +7 quarterstaff "Edid" {drain}
  5958 | D:5      | Entered Level 5 of the Dungeon
  6333 | D:5      | Reached skill level 6 in Spellcasting
  6633 | D:5      | Reached XP level 8. HP: 48/55 MP: 0/0
  7220 | D:6      | Reached skill level 7 in Spellcasting
  7339 | D:6      | Found a stormy altar of Qazlal.
  7726 | D:6      | Found a basalt altar of Yredelemnul.
  7998 | D:6      | Reached XP level 9. HP: 39/60 MP: 0/0
  7998 | D:6      | Learned a level 3 spell: Ignite Poison
  8362 | D:7      | Reached skill level 8 in Spellcasting
  8461 | D:7      | Found Saumol's Antique Armour Emporium.
  8473 | D:7      | Bought a bloodstained robe for 102 gold pieces
  8473 | D:7      | Identified the +2 robe of Resourcefulness {MP+9 Str+4
                  | Dex+3} (You bought it in a shop on level 7 of the Dungeon)
  9299 | D:7      | Found a staircase to the Ecumenical Temple.
  9395 | Temple   | Entered the Ecumenical Temple
  9462 | Temple   | Became a worshipper of Gozag Ym Sagoz the Greedy
  9705 | D:8      | Noticed Pikel
  9715 | D:7      | Killed Pikel
  9716 | D:7      | Reached skill level 9 in Spellcasting
 10197 | D:8      | Reached XP level 10. HP: 47/69 MP: 0/0
 10601 | D:8      | Noticed Joseph
 10612 | D:8      | Killed Joseph
 10613 | D:8      | Reached skill level 10 in Spellcasting
 10676 | D:8      | Noticed Grum
 10866 | D:8      | Killed Grum
 11250 | D:8      | Reached skill level 5 in Fighting
 11771 | D:9      | Identified the +4 chain mail of Privacy {Rampage}
 12036 | D:9      | Found a runed translucent gate.
 12036 | D:9      | Found a runed translucent gate.
 12036 | D:9      | Found a runed translucent gate.
 12041 | D:9      | Noticed AlleluiaPinecone's ghost (novice DrBe)
 12069 | D:9      | Reached skill level 11 in Spellcasting
 12104 | D:9      | Killed an unseen horror
 12105 | D:9      | Reached XP level 11. HP: 54/76 MP: 0/0
 12105 | D:9      | Learned a level 4 spell: Summon Lightning Spire
 12451 | D:9      | Found a staircase to the Orcish Mines.
 12676 | D:9      | Found a glowing silver altar of Zin.
 13133 | D:9      | Killed AlleluiaPinecone's ghost
 13377 | D:9      | Identified the +8 great sword of Diokyr {flame, Str+2 SInv}
 13401 | D:10     | Entered Level 10 of the Dungeon
 13401 | D:10     | Found a snail-covered altar of Cheibriados.
 13499 | D:7      | Bought a glowing hat for 126 gold pieces
 13499 | D:7      | Bought a translucent scale mail for 162 gold pieces
 13499 | D:7      | Identified the +2 scale mail "Biruw" {Str+4 Stlth+} (You
                  | bought it in a shop on level 7 of the Dungeon)
 13643 | Orc:1    | Entered Level 1 of the Orcish Mines
 13929 | Orc:2    | Entered Level 2 of the Orcish Mines
 13943 | Orc:2    | Reached skill level 12 in Spellcasting
 14786 | Orc:2    | Found a staircase to the Elven Halls.
 14807 | Orc:2    | Noticed a two-headed ogre
 14816 | Orc:2    | Killed a two-headed ogre
 15315 | Orc:2    | Noticed an orc sorcerer
 15334 | Orc:2    | Killed an orc sorcerer
 15335 | Orc:2    | Reached skill level 1 in Armour
 15363 | Orc:2    | Reached XP level 12. HP: 41/83 MP: 0/0
 15844 | Orc:2    | Noticed an orc high priest
 15849 | Orc:2    | Noticed a soul eater
 16775 | D:10     | Reached skill level 13 in Spellcasting
 17109 | D:10     | Found a one-way gate to the infinite horrors of the Abyss.
 17109 | D:10     | Found a corrupted altar of Lugonu.
 17121 | D:10     | You are sucked into a shaft and drop 2 floors!
 17121 | D:12     | Noticed a quicksilver ooze
 17121 | D:12     | Found a runed translucent gate.
 17121 | D:12     | Found a runed translucent gate.
 17121 | D:12     | Found a runed translucent gate.
 17181 | D:12     | Noticed Atlas's ghost (journeyman DgIE)
 17183 | D:12     | Found a viscous altar of Jiyva.
 17214 | D:12     | Reached skill level 1 in Long Blades
 17231 | D:12     | Noticed a two-headed ogre
 17238 | D:12     | Killed a two-headed ogre
 17529 | D:11     | Noticed a two-headed ogre
 17538 | D:11     | Noticed a death yak
 17538 | D:11     | Noticed a death yak
 17539 | D:11     | Killed a two-headed ogre
 17559 | D:11     | Found a staircase to the Lair.
 17559 | D:11     | Noticed a death yak
 17566 | Lair:1   | Entered Level 1 of the Lair of Beasts
 18706 | Lair:1   | Reached XP level 13. HP: 83/90 MP: 0/0
 18706 | Lair:1   | Learned a level 5 spell: Freezing Cloud
 18986 | Lair:1   | Reached skill level 14 in Spellcasting
 19440 | Lair:1   | Bought a scroll of teleportation for 48 gold pieces
 19440 | Lair:1   | Bought a scroll of fog for 32 gold pieces
 19440 | Lair:1   | Bought a scroll of identify for 32 gold pieces
 19440 | Lair:1   | Bought a scroll of blinking for 120 gold pieces
 19440 | Lair:1   | Bought a scroll of enchant armour for 120 gold pieces
 19440 | Lair:1   | Bought a scroll of amnesia for 56 gold pieces
 19440 | Lair:1   | Bought a scroll of immolation for 56 gold pieces
 19440 | Lair:1   | Bought a scroll of blinking for 120 gold pieces
 19447 | Lair:1   | Identified a scroll of acquirement
 19449 | Lair:1   | Acquired a ring of protection from cold
 19669 | Lair:2   | Noticed a four-headed hydra
 19679 | Lair:2   | Killed a four-headed hydra
 19912 | Lair:2   | Found a runed translucent door.
 19915 | Lair:2   | Noticed ClownBaby's ghost (journeyman DjIE)
 19915 | Lair:2   | Identified the +9 trident of Zoarch {protect, Will+ Dex+2
                  | SInv}
 20021 | Lair:2   | Noticed Sonja
 20023 | Lair:2   | Killed Sonja
 20417 | Lair:2   | Found the +3 pair of gauntlets of War {Slay+5}
 20438 | Lair:2   | Killed ClownBaby's ghost
 20444 | Lair:2   | Mangled by a spriggan rider

Illustrated notes

Levels and vault maps discovered:
D:1:      ncdulo_halloftheorcs, layout_loops_ring,
          dilly_ecumenical_altar_fadedgnrine
D:2:      layout_loops_ring
D:3:      layout_basic, nicolae_uskayaw_dance_hall, minivault_11,
          minmay_circle_x, uniq_natasha, uniq_crazy_yiuf_cottage, uniq_jessica
D:4:      layout_gridville, tgw_sif, kennysheep_potato
D:5:      layout_cave_pods
D:6:      minmay_flawed_box, layout_loops_ring, mainiacjoe_overflow_catwalk,
          kennysheep_little_box, grunt_qazlal_clouds
D:7:      layout_rooms, minmay_temple_entry_poolview, serial_shops,
          nicolae_shop_overgrown_old_shop, minivault_19, minmay_holes
D:8:      layout_rooms, uniq_joseph, uniq_pikel, uniq_grum
D:9:      layout_stronghold, lemuel_tele_altar, orc_0_dummy,
          gammafunk_ghost_spectres
D:10:     layout_cave_pools, mainiacjoe_overflow_concentric_impassable,
          minmay_overflow_temple_star_hex, amcnicky_altar_lugonu_corruption
D:11:     layout_grid_maze, dpeg_lair_monsters, uniq_harold
D:12:     layout_small_grid, serial_shops, shop, gammafunk_ghost_ooze,
          uniq_azrael
Temple:   zaba_magenta_temple
Lair:1:   layout_regular_city, st_stairs_4, grunt_forest_large_clearing_hut,
          grunt_megastairs_4, serial_bayou_shore_a
Lair:2:   layout_hall_layers, ebering_ghost_funeral_grove, st_stairs_7,
          grunt_megastairs_2, serial_bayou_shore_b, uniq_sonja
Orc:1:    layout_caves, serial_shops, shop
Orc:2:    st_orc_pillars, layout_diamond_mine, statue_in_the_mist_lemuel,
          david_defended_altar_orc

Skill      XL: |  1  2  3  4  5  6  7  8  9 10 11 12 13 |
---------------+----------------------------------------+-----
Spellcasting   | 3 4 5 6 7 9 11 12 13 14 | 14.7
Fighting       | 1 2 3 4 5 6 7 |  7.5
Stealth        | 2 3 |  3.6
Dodging        | 3 |  3.8
Armour         | 1 3 |  3.9
Long Blades    | 1 |  1.7
Staves         | |  0.4

Action                   |  1- 3 |  4- 6 |  7- 9 | 10-12 | 13-15 || total
-------------------------+-------+-------+-------+-------+-------++-------
Melee: Dagger            |     4 |     1 |       |       |       ||     5
       Quarterstaff      |       |       |     2 |     2 |       ||     4
       Great sword       |       |       |       |     6 |     7 ||    13
 Cast: Foxfire           |    73 |   112 |    98 |   213 |    57 ||   553
       Scorch            |    14 |    43 |    35 |   116 |    28 ||   236
       Flame Wave        |       |       |    25 |    21 |     1 ||    47
       Summon Lightning  |       |       |       |    42 |    19 ||    61
       Freezing Cloud    |       |       |       |       |     4 ||     4
Invok: Call Merchant     |       |       |       |       |     1 ||     1
  Use: Scroll            |       |     2 |     4 |     5 |     3 ||    14
       Potion            |       |       |     2 |     1 |     2 ||     5
Armor: Robe              |     4 |     1 |     8 |     7 |       ||    20
       Scale mail        |       |       |       |    25 |    15 ||    40
Dodge: Dodged            |    10 |     8 |    40 |    50 |     9 ||   117

Table legend: (Time is in decaauts)
 A = Elapsed time spent in this place.
 B = Non-inter-level travel time spent in this place.
 C = Inter-level travel time spent in this place.
 D = Time resting spent in this place.
 E = Time spent auto-exploring this place.
 F = Levels seen in this place.
 G = Mean time per level.
                   A        B        C        D        E       F      G
               +--------+--------+--------+--------+--------+-----+--------+
         Total |  20461 |  19806 |    655 |   3284 |  14110 |  17 | 1203.6 |
       Dungeon |  15007 |  14428 |    579 |   1959 |  10879 |  12 | 1250.6 |
        Temple |     84 |     67 |     17 |      0 |     40 |   1 |   84.0 |
          Lair |   2881 |   2850 |     31 |    630 |   1854 |   2 | 1440.5 |
  Orcish Mines |   2487 |   2461 |     26 |    695 |   1337 |   2 | 1243.5 |
               +--------+--------+--------+--------+--------+-----+--------+

Top non-repeatable levels by time:
     D:7: 2058 daAuts
  Lair:1: 1915 daAuts
     D:1: 1811 daAuts
     D:3: 1718 daAuts
     D:6: 1627 daAuts
     D:9: 1581 daAuts
   Orc:2: 1496 daAuts
     D:2: 1401 daAuts
     D:8: 1330 daAuts
     D:5: 1030 daAuts
     D:4: 1025 daAuts
   Orc:1: 991 daAuts
    D:10: 977 daAuts
  Lair:2: 966 daAuts
    D:12: 407 daAuts
